 Dungeon Crawl Stone Soup version 0.32-a0-42-ga30500b4d3 (webtiles) character file.

Game seed: 2306170571282808334

398 IdlyInterested the Trooper (level 6, 0/45 HPs)
             Began as an Octopode Fighter on Jan 29, 2024.
             Slain by an ice beast (11 damage)
             ... on level 5 of the Dungeon.
             The game lasted 00:09:18 (3688 turns).

IdlyInterested the Trooper (Octopode Fighter)       Turns: 3688, Time: 00:09:18

Health: 0/45       AC:  1    Str: 21    XL:     6   Next: 83%
Magic:  6/6        EV: 13    Int: 13    God:
Gold:   305        SH:  4    Dex:  9    Spells: 5/5 levels left

rFire   . .          .
                       - Unarmed
rCold   . . .        a - +0 buckler
rNeg    . . .        (helmet restricted)
rPois   .            n - amulet of magic regeneration
rElec   .            (no ring)
rCorr   .            (no ring)
SInv    .            (no ring)
Will    .....        (no ring)
Stlth   ++           (no ring)
HPRegen 0.27/turn    (no ring)
MPRegen 0.50/turn    (no ring)
                     (no ring)

%: no passive effects
@: no status effects
A: almost no armour, amphibious, 8 rings, camouflage 1, gelatinous body 1,
(nimble swimmer 1), tentacles, antennae 1, clever 1, strong 1
a: no special abilities


You were on level 5 of the Dungeon.
You visited 1 branch of the dungeon, and saw 5 of its levels.

You collected 305 gold pieces.

Inventory:

Hand Weapons
 e - a +0 short sword
 t - a +0 quarterstaff
 u - a +1 dagger of draining
Missiles
 d - 30 stones (quivered)
 o - 2 boomerangs
Armour
 a - a +0 buckler (worn)
Jewellery
 n - an amulet of magic regeneration (around mantle)
Talismans
 j - a flux talisman
Scrolls
 b - a scroll of amnesia {unknown}
 f - a scroll of acquirement {unknown}
 g - 2 scrolls of fog
 m - a scroll of silence
 p - a scroll of teleportation {unknown}
 q - a scroll of enchant armour {unknown}
 s - 2 scrolls of identify {unknown}
 v - a scroll of poison {unknown}
Potions
 c - a potion of berserk rage {unknown}
 h - a potion of mutation
 i - 3 potions of curing
 k - a potion of brilliance
 l - a potion of attraction {unknown}
 r - a potion of ambrosia {unknown}
 w - a potion of lignification {unknown}


   Skills:
 - Level 5.0 Fighting
 - Level 1.0 Short Blades
 - Level 1.0 Throwing
 + Level 3.3 Dodging
 - Level 1.0 Stealth
 - Level 3.0 Shields
 + Level 4.0 Unarmed Combat
 - Level 1.0 Evocations
 * Level 2.4 Shapeshifting


You had 5 spell levels left.
You didn't know any spells.
Your spell library contained the following spells:

 Spells                   Type           Power      Damage    Failure   Level
 Conjure Ball Lightning   Conj/Air       0%         3x3d6     100%        6
 Discord                  Hex            0%         N/A       100%        8
 Disjunction              Tloc           0%         N/A       100%        8


Dungeon Overview and Level Annotations

Branches:
Dungeon (5/15)
 Temple: D:4-7

Altars:

Annotations:
D:5 1 runed translucent door, PriceMaster's ghost, amateur OpFE


Innate Abilities, Weirdness & Mutations

You cannot wear most types of armour.
You are amphibious.
You can wear up to eight rings at the same time.
Your skin changes colour to match your surroundings (Stealth+).
Your rubbery body absorbs attacks. (AC +1, EV +1)
((You are camouflaged when in or above water. (Stealth+)))
You have tentacles for arms and can constrict up to eight enemies at once.
You have a pair of small antennae on your head.
Your mind is acute. (Int +4, Str/Dex -1)
Your muscles are strong. (Str +4, Int/Dex -1)


Message History

You kill the ribbon worm!
You see here a ribbon worm corpse.
w - a lumpy emerald potion You see here a ribbon worm corpse.
d - 30 stones (gained 2)
An ice beast comes into view.
You see here 18 gold pieces.
You now have 305 gold pieces (gained 18).
Found a scroll labelled IFALADGHYMPA.
The helpless ice beast fails to defend itself.
You tentacle-slap the ice beast but do no damage.
The ice beast closely misses you.
You tentacle-slap the ice beast but do no damage.
You squeeze the ice beast, but do no damage.
The ice beast barely misses you.
You tentacle-slap the ice beast.
The ice beast is lightly wounded.
The ice beast hits you. The ice beast freezes you.
You tentacle-slap the ice beast but do no damage.
The ice beast is lightly wounded.
The ice beast closely misses you.
You barely miss the ice beast.
The ice beast is lightly wounded.
The ice beast hits you. The ice beast freezes you.
You tentacle-slap the ice beast but do no damage.
Your tentacle-slap misses the ice beast.
The ice beast is lightly wounded.
The ice beast misses you.
You tentacle-slap the ice beast.
The ice beast is moderately wounded.
The ice beast closely misses you.
You tentacle-slap the ice beast.
The ice beast is moderately wounded.
The ice beast hits you. The ice beast freezes you!
You closely miss the ice beast.
The ice beast is moderately wounded.
The ice beast hits you.
* * * LOW HITPOINT WARNING * * *
The ice beast freezes you!
You die...

###.## ....## #.
###### ####.
?...#### #.....#
#.....# #.....####
#. #.....@Y.#
#.#####.....##.#
#...........# #
#####...........#
.#
.............#####.
.............#....
##...#.......#.##
#....#...##..#.#
#....### #.##.#


You could see an ice beast.

Vanquished Creatures
  An ogre (D:3)
  An orc priest (D:3)
  A sleepcap (D:4)
  A hound (D:5)
  An orc wizard (D:3)
  7 gnolls
  5 adders
  2 dart slugs
  2 ribbon worms
  2 orcs (D:3)
  An endoplasm (D:4)
  5 giant cockroaches
  14 goblins
  5 hobgoblins
  8 jackals
  A quokka (D:4)
  6 ball pythons
  6 bats
  4 frilled lizards
  4 kobolds
  9 rats
86 creatures vanquished.

Notes
Turn   | Place    | Note
-------+----------+-------------------------------------------
     0 | D:1      | IdlyInterested the Octopode Fighter began the quest for the
                  | Orb.
     0 | D:1      | Reached XP level 1. HP: 16/16 MP: 1/1
   188 | D:1      | Reached skill level 1 in Stealth
   188 | D:1      | Reached XP level 2. HP: 20/21 MP: 2/2
   737 | D:1      | Reached XP level 3. HP: 27/27 MP: 3/3
  1179 | D:2      | Reached skill level 4 in Fighting
  1288 | D:2      | Found a faded altar of an unknown god.
  1584 | D:2      | Reached XP level 4. HP: 33/33 MP: 4/4
  1756 | D:3      | Noticed an ogre
  1765 | D:3      | Killed an ogre
  1766 | D:3      | Reached skill level 1 in Throwing
  1766 | D:3      | Reached XP level 5. HP: 38/38 MP: 5/5
  1782 | D:3      | Reached skill level 5 in Fighting
  2030 | D:3      | Reached skill level 1 in Short Blades
  2030 | D:3      | Reached skill level 1 in Shapeshifting
  2041 | D:3      | Reached XP level 6. HP: 13/45 MP: 6/6
  2200 | D:3      | Reached skill level 1 in Evocations
  3394 | D:5      | Entered Level 5 of the Dungeon
  3412 | D:5      | Gained mutation: Your mind is acute. (Int +4, Str/Dex -1)
                  | [potion of mutation]
  3412 | D:5      | Gained mutation: You have a pair of small antennae on your
                  | head. [potion of mutation]
  3412 | D:5      | Gained mutation: Your muscles are strong. (Str +4, Int/Dex
                  | -1) [potion of mutation]
  3640 | D:5      | Found a runed translucent door.
  3640 | D:5      | Noticed PriceMaster's ghost (amateur OpFE)
  3672 | D:5      | Noticed an ice beast
  3688 | D:5      | Slain by an ice beast

Illustrated notes

Levels and vault maps discovered:
D:1:      reono_arrival_forest_river, layout_loops_corners,
          hangedman_decor_points
D:2:      layout_loops_ring, shapermc_ecumenical_altar_flowoftime,
          kennysheep_generic_room_14
D:3:      layout_basic
D:4:      layout_loops_ring
D:5:      layout_rooms, gammafunk_ghost_grave, serial_co_window_serial,
          co_window_corner_a, co_window_corner_a, co_window_corner_a,
          co_window_of_opportunity_a, co_window_corner_a, co_window_2corner,
          co_window_2corner, co_window_of_opportunity_b,
          co_window_of_opportunity_c, co_window_corner_b, co_window_corner_cb,
          co_window_paths_d, glass_columns_a, glass_columns_a, glass_columns_a,
          glass_columns_b

Skill      XL: |  1  2  3  4  5  6 |
---------------+-------------------+-----
Stealth        | 1 |  1.0
Fighting       | 4 5 |  5.0
Throwing       | 1 |  1.0
Unarmed Combat | 3 4 |  4.0
Short Blades   | 1 |  1.0
Shapeshifting  | 1 2 |  2.4
Evocations     | 1 |  1.0
Dodging        | |  3.3
Shields        | |  3.0

Action                     |  1- 3 |  4- 6 || total
---------------------------+-------+-------++-------
  Melee: Unarmed           |   116 |    98 ||   214
         Constrict         |    29 |    23 ||    52
         Tentacles         |    18 |    20 ||    38
         Punch             |     4 |     2 ||     6
  Throw: Stone             |       |     3 ||     3
    Use: Potion            |       |     4 ||     4
         Scroll            |       |     2 ||     2
   Stab: Sleeping          |     9 |    10 ||    19
 Armour: Skin              |    40 |    42 ||    82
  Dodge: Dodged            |    68 |    39 ||   107
  Block: Buckler           |    18 |    11 ||    29

Table legend: (Time is in decaauts)
 A = Elapsed time spent in this place.
 B = Non-inter-level travel time spent in this place.
 C = Inter-level travel time spent in this place.
 D = Time resting spent in this place.
 E = Time spent auto-exploring this place.
 F = Levels seen in this place.
 G = Mean time per level.
                   A        B        C        D        E       F      G
               +--------+--------+--------+--------+--------+-----+--------+
         Total |   3682 |   3541 |    141 |    630 |   2112 |   5 |  736.4 |
       Dungeon |   3682 |   3541 |    141 |    630 |   2112 |   5 |  736.4 |
               +--------+--------+--------+--------+--------+-----+--------+

Top non-repeatable levels by time:
     D:3: 875 daAuts
     D:2: 867 daAuts
     D:1: 849 daAuts
     D:4: 827 daAuts
     D:5: 261 daAuts
